 Dungeon Crawl Stone Soup version 0.28.0-45-g0d030f2227 (webtiles) character file.

Game seed: 2924242756130801840

43 Kangaroobicon the Cudgeller (level 3, 0/33 HPs)
             Began as a Minotaur Berserker on Apr 2, 2022.
             Was a Believer of Trog.
             Slain by Natasha (3 damage)
             ... on level 2 of the Dungeon.
             The game lasted 00:14:32 (1275 turns).

Kangaroobicon the Cudgeller (Minotaur Berserker)    Turns: 1275, Time: 00:14:32

Health: 0/33       AC:  6    Str: 21    XL:     3   Next: 37%
Magic:  2/2        EV: 10    Int:  4    God:    Trog [**....]
Gold:   19         SH:  0    Dex: 11    Spells: 2/2 levels left

rFire   . . .      SeeInvis .   a - +0 mace
rCold   . . .      Faith    .   (no shield)
rNeg    . . .      Spirit   .   h - +0 scale mail
rPois   .          Reflect  .   (helmet restricted)
rElec   .          Harm     .   (no cloak)
rCorr   .          Rampage  .   (no gloves)
Will    .....                   (no boots)
Stlth   ..........              (no amulet)
HPRegen 0.11/turn               (no ring)
MPRegen 0.08/turn               (no ring)

@: slowed, very slow
A: horns 2, retaliatory headbutt
a: Renounce Religion, Berserk, Trog's Hand


You were on level 2 of the Dungeon.
You worshipped Trog.
Trog was pleased with you.
You visited 1 branch of the dungeon, and saw 2 of its levels.

You collected 19 gold pieces.

Inventory:

Hand Weapons
 a - a +0 mace (weapon)
 f - a +0 hunting sling
Missiles
 d - 34 stones (quivered)
 i - 24 sling bullets
Armour
 b - a +0 animal skin
 h - a +0 scale mail (worn)
Scrolls
 c - 2 scrolls of identify {unknown}
 g - a scroll of enchant weapon {unknown}
 k - a scroll of vulnerability {unknown}
 l - a scroll of holy word {unknown}
Potions
 e - a potion of mutation {unknown}
 j - a potion of attraction {unknown}
 m - 2 potions of curing {unknown}


   Skills:
 + Level 4.2 Fighting
 + Level 4.4 Maces & Flails
 + Level 3.0 Armour
 + Level 2.4 Dodging


You had 2 spell levels left.
You didn't know any spells.
Your spell library contained the following spells:

 Spells                   Type           Power      Damage    Failure   Level
 Ozocubu's Armour         Ice            0%         N/A       99%         3
 Ozocubu's Refrigeration  Ice            0%         4d5       100%        7


Dungeon Overview and Level Annotations

Branches:
Dungeon (2/15)

Altars:
Uskayaw

Annotations:
D:2 Natasha


Innate Abilities, Weirdness & Mutations

You have a pair of horns on your head.
You reflexively headbutt those who attack you in melee.


Message History

Trog accepts your kill.
Things that are here:
a +0 dagger; a goblin corpse
Found a stone staircase leading down.
There is a stone staircase leading down here.
There is a stone staircase leading down here.
Press: ? - help, v - describe, . - travel A granite statue.
Found a dagger.
You see here a +0 dagger.
Natasha, Servant of Life and Death comes into view.
Natasha hisses angrily.
You closely miss Natasha. Natasha claws you.
You closely miss Natasha.
Natasha stares at you and mumbles some strange words.
You feel yourself slow down.
You hit Natasha.
Natasha is lightly wounded.
Natasha howls an incantation.
You feel troubled. Natasha claws you.
Natasha mumbles some strange words.
You closely miss Natasha.
Natasha is lightly wounded.
Natasha wildly gestures.
Natasha's front paws start to glow.
Natasha claws you. The white imp gestures at you. The puff of frost hits you!
Natasha barely misses you.
You hit Natasha. Your headbutt misses Natasha.
Natasha is heavily wounded.
The white imp barely misses you. Natasha claws you.
* * * LOW HITPOINT WARNING * * *
The white imp barely misses you. Natasha claws you.
* * * LOW HITPOINT WARNING * * *
You hit Natasha but do no damage.
Natasha is heavily wounded.
The white imp barely misses you. You furiously retaliate!
You headbutt the white imp. Natasha claws you.
You die...

.# ..# #.. #.# #
...# .# #...
######..###.##
...##
#..5.h#..#.... #
#.$.@.#....#
#####
#.....#...# ...#
#.........# #†#
#.....#...####
#.<
#.....#......##
###
#.....##..##..##
#
########..###..#
# ##..# ##.#
#### #...#
#.###...


You could see Natasha and a white imp (summoned).

Vanquished Creatures
  An adder (D:2)
  A dart slug (D:1)
  3 ball pythons
  3 endoplasms
  3 giant cockroaches
  2 goblins (D:2)
  2 hobgoblins (D:1)
  2 jackals (D:2)
  7 bats
  A frilled lizard (D:1)
  4 kobolds
  3 rats (D:1)
32 creatures vanquished.

Notes
Turn   | Place    | Note
-------+----------+-------------------------------------------
     0 | D:1      | Kangaroobicon the Minotaur Berserker began the quest for
                  | the Orb.
     0 | D:1      | Reached XP level 1. HP: 19/19 MP: 0/0
   417 | D:1      | Reached XP level 2. HP: 15/27 MP: 1/1
   835 | D:2      | Reached XP level 3. HP: 31/33 MP: 2/2
   970 | D:2      | Reached ** piety under Trog
   983 | D:2      | Found a hide-covered altar of Uskayaw.
  1113 | D:2      | Found a faded altar of an unknown god.
  1266 | D:2      | Noticed Natasha
  1275 | D:2      | Slain by Natasha

Illustrated notes

Levels and vault maps discovered:
D:1:      lemuel_arrival_broad_hall, layout_loops_corners
D:2:      layout_rooms, shapermc_ecumenical_altar_totnotflames, basic_altar,
          kennysheep_generic_room_5, uniq_natasha

Skill      XL: |  1  2  3 |
---------------+----------+-----
Maces & Flails | 4 |  4.4
Fighting       | 4 |  4.2
Armour         | 3 |  3.0
Dodging        | |  2.4

Action                   || total
-------------------------++-------
Melee: Mace              ||    72
       Headbutt          ||     7
       Punch             ||     1
Throw: Stone             ||     4
Armor: Animal skin       ||     5
       Scale mail        ||    18
Dodge: Dodged            ||    38
